 Dungeon Crawl Stone Soup version 0.19-a0-593-gf2cdb02 (webtiles) character file.

13215 pk666 the Fighter (level 11, -6/104 HPs)
             Began as a Minotaur Berserker on June 10, 2016.
             Was a High Priest of Trog.
             Mangled by Rupert
             ... wielding a +0 vampiric great sword
              (32 damage)
             ... on level 3 of the Lair of Beasts.
             The game lasted 00:27:21 (10240 turns).

pk666 the Fighter (Minotaur Berserker)             Turns: 10240, Time: 00:27:22

Health: -6/104     AC: 15    Str: 26    XL:     11   Next: 72%
Magic:  3/3        EV: 13    Int:  4    God:    Trog [*****.]
Gold:   610        SH:  0    Dex:  9    Spells: 0 memorised, 10 levels left

rFire  + . .     SeeInvis .     I - +5 broad axe (antimagic)
rCold  . . .     Gourm    .     o - +0 chain mail
rNeg   . . .     Faith    .     (no shield)
rPois  .         Spirit   .     (helmet restricted)
rElec  .         Dismiss  .     l - +0 cloak
rCorr  .         Reflect  .     (no gloves)
SustAt .         Harm     .     g - +0 pair of boots
MR     ++...                    (no amulet)
Stlth  ..........               (no ring)
                                x - ring of protection from fire

@: regenerating, very resistant to hostile enchantments, extremely unstealthy
A: retaliatory headbutt, horns 2
a: Berserk, Trog's Hand, Brothers in Arms, Burn Spellbooks, Renounce Religion


You were on level 3 of the Lair of Beasts.
You worshipped Trog.
Trog was extremely pleased with you.
You were hungry.

You visited 2 branches of the dungeon, and saw 12 of its levels.
You also visited: Labyrinth.

You collected 610 gold pieces.

Inventory:

Hand Weapons
 a - a +0 hand axe
 s - a +0 war axe
 I - a +5 antimagic broad axe (weapon)
 P - the +8 glaive "Hovuawesh" {vamp, rF+ Dex+2, unknown}
   (You found it in a labyrinth)

   It inflicts no extra harm, but heals its wielder somewhat when it strikes a
   living foe.
   It affects your dexterity (+2).
   It protects you from fire.
 Q - the +6 greatsling "Hastragai" {velocity, rC++ rN+ MR+, unknown}
   (You found it in a labyrinth)

   Any stone fired from it inflicts extra damage.
   It greatly protects you from cold.
   It protects you from negative energy.
   It affects your resistance to hostile enchantments.
Armour
 g - a +0 pair of boots (worn)
 l - a +0 cloak (worn)
 o - a +0 chain mail (worn)
 R - a +2 chain mail of cold resistance
 S - the cursed +1 ring mail of Atheism {*Confuse rPois Regen+ Str+4, unknown}
   (You found it in a labyrinth)

   It affects your strength (+4).
   It protects you from poison.
   It increases your rate of regeneration.
   It may confuse you when you take damage.
   It has a curse placed upon it.
 T - the +4 robe of Night {+Inv MR+ SInv Stlth+}
   (You found it in a labyrinth)

   It affects your resistance to hostile enchantments.
   It lets you see invisible.
   It lets you turn invisible.
   It makes you more stealthy.
Rods
 H - a +2 rod of clouds (11/11)
   (You found it in a labyrinth)
 N - a +5 rod of shadows (10/10)
   (You found it in a labyrinth)
Jewellery
 e - a +2 ring of dexterity {unknown}
 x - a ring of protection from fire (left hand)
 A - a +3 ring of protection {unknown}
 B - the ring of Compassion {MR+ Int+5 Dex+4, unknown}
   (You found it in a labyrinth)

   [ring of intelligence]

   It affects your intelligence (+5).
   It affects your dexterity (+4).
   It affects your resistance to hostile enchantments.
Wands
 j - a wand of slowing (31/48)
 F - a wand of teleportation (5/9)
 M - a wand of paralysis (13/24)
Scrolls
 d - 6 scrolls of remove curse
 f - 5 scrolls of enchant weapon
 h - a scroll of fog {unknown}
 k - a scroll of noise {unknown}
 m - a scroll of teleportation
 r - a scroll of fear {unknown}
 t - 7 scrolls of identify
 v - a scroll of blinking
Potions
 i - 4 potions of agility
 n - 6 potions of curing
 p - 2 potions of might
 u - 3 potions of brilliance
 C - a potion of flight {unknown}
 D - a potion of resistance {unknown}
 J - a potion of berserk rage {unknown}
 K - a potion of experience {unknown}
 L - a potion of ambrosia {unknown}
Books
 y - a book of the Warp

   Spells                             Type                      Level
   a - Recall                         Summoning/Translocation      3
   b - Gell's Gravitas                Hexes/Translocation          3
   c - Force Lance                    Conjuration/Translocation    4
   d - Warp Weapon                    Charms/Translocation         5
   e - Summon Forest                  Summoning/Translocation      5
   Trog disapproves of the use of such an item.
 G - the Handbook of Execration
   (You found it in a labyrinth)

   Spells                             Type                      Level
   a - Tukima's Dance                 Hexes                        3
   b - Inner Flame                    Hexes/Fire                   3
   c - Summon Mana Viper              Hexes/Summoning              5
   d - Darkness                       Hexes                        6
   Trog disapproves of the use of such an item.
 O - San Ino's Handbook of Flamy Benedictions
   (You found it in a labyrinth)

   Spells                             Type                      Level
   a - Flame Tongue                   Conjuration/Fire             1
   b - Repel Missiles                 Charms/Air                   2
   c - Ozocubu's Armour               Charms/Ice                   3
   d - Spectral Weapon                Hexes/Charms                 3
   e - Bolt of Magma                  Conjuration/Fire/Earth       5
   Trog disapproves of the use of such an item.
Comestibles
 b - 7 meat rations
 c - 8 bread rations
 q - 10 fruits
 w - 2 chunks of flesh
 z - 9 beef jerkies
 E - a slice of pizza


   Skills:
 + Level 11.7 Fighting
 + Level 11.6 Axes
 + Level 11.6 Armour
 + Level 10.7 Dodging


You had 10 spell levels left.
You didn't know any spells.

Dungeon Overview and Level Annotations

Branches:
Dungeon (9/15)             Temple (0/1) D:4            Lair (3/6) D:9
  Swamp (0/4) Lair:3       Spider (0/4) Lair:3
    Orc: D:9-12

Altars:
Cheibriados
Dithmenos
Elyvilon
Fedhas
Gozag
Kikubaaqudgha
Makhleb
Okawaru
Pakellas
Qazlal
Ru
Sif Muna
Vehumet
Xom
Yredelemnul
Zin
The Shining One

Annotations:
D:8 Prince Ribbit
Lair:3 Rupert


Innate Abilities, Weirdness & Mutations

You reflexively headbutt those who attack you in melee.
You have a pair of horns on your head.


Message History

T - the +4 robe of Night {+Inv MR+ SInv Stlth+} Welcome back to the Lair of Beasts! x2
Level annotation: Rupert
There is an empty arch of ancient stone here.
Rupert shouts!
Rupert roars madly and goes into a rage!
Rupert goes berserk!
Rupert hits you with a vampiric great sword!!
You slash Rupert!
Rupert's magic leaks into the air.
Rupert is lightly wounded.
Rupert hits you with a vampiric great sword.
Rupert hits you with a vampiric great sword!!
* * * LOW HITPOINT WARNING * * *
Rupert draws strength from your injuries!
You are too injured to fight recklessly!
Your skin crawls.
You feel resistant to hostile enchantments.
You are feeling hungry.
Rupert hits you with a vampiric great sword!!
You die...

,,,,,,,,*,..#......##.$.,*,,,**,,
*,,,,,*,*,#........#...#,,,*,*,,,
*,,,,,,...#...........#,,,,,,*,,*
,,*,*,#...#...#.......#*,,,,,*,,,
,,,,,,......P.#.....#.##,#,,,*,,,
,,*,,,....?.#$.....#......,,,,,,*
,,*,*,........P.....#.PP..,,,,*,*
,,,,,,≈.≈≈≈≈..#...∩......#,,,,*,*
,,,,,≈≈≈≈≈≈≈≈...@#....##.#,,,,,,*
,,*,.≈≈≈≈≈≈≈≈..@##....#*,*,,,,,,,
*,*.≈≈≈≈≈≈≈≈≈≈..##..#.#*,,,*,*,,*
....≈≈≈≈≈≈≈≈≈.#.#..##.#*,,,*,,,,,
....≈≈≈≈≈.≈≈..#....#*,#,,*,,,,***
.....≈≈≈.>.≈....#..#*,*,,*,,,**,,
....P...........#...#,*,,,,*,,,,,
................#,...,,,,,,*,,,,,
..............#....#.,**,*,,,,,,,


You could see Rupert (berserk).

Vanquished Creatures
  A minotaur (Lab)
  Erolcha (D:8)
  2 hydras (Lair:2)
  The ghost of Zebura the Slicer, a journeyman VSAs of Dithmenos (Lair:2)
  Pikel (D:6)
  A spiny frog (Lair:1)
  3 komodo dragons
  A troll (D:9)
  A wraith (D:8)
  3 redbacks (Lab)
  10 yaks
  A hippogriff (Lair:1)
  A hungry ghost (D:8)
  Edmund (D:6)
  4 water moccasins
  6 porcupines
  3 ice beasts
  A phantom (D:8)
  A sky beast (D:5)
  A black bear (D:9)
  A necrophage (D:8)
  A wasp (D:9)
  7 ogres
  2 centaurs
  4 crocodiles
  A big kobold (D:9)
  9 giant frogs
  A scorpion (D:6)
  6 killer bees (D:8)
  5 wights (D:8)
  A howler monkey (D:7)
  10 crimson imps
  A centaur zombie (D:6)
  5 hounds
  Crazy Yiuf (D:2)
  2 jellies (D:5)
  An orc priest (D:8)
  4 centaur skeletons
  3 giant frog skeletons
  7 orc wizards
  5 iguanas
  6 worker ants
  3 hound zombies
  4 gnolls
  7 adders
  A river rat (Lair:2)
  A shadow imp (D:5)
  An ooze (D:1)
  An adder zombie (D:8)
  An adder skeleton (D:8)
  4 worms
  4 dart slugs
  A giant gecko (D:1)
  31 orcs
  4 bats
  3 giant cockroaches
  5 hobgoblins
  16 jackals
  13 kobolds
  4 quokkas
  3 ball pythons
  A giant cockroach zombie (D:5)
  A giant gecko skeleton (D:5)
  6 giant newts
  11 goblins
  2 jackal skeletons (D:5)
  A jackal zombie (D:5)
  A quokka skeleton (D:5)
  7 rats
  2 rat zombies (D:3)
  2 butterflies (D:4)
  A fungus (Lair:2)
269 creatures vanquished.

Vanquished Creatures (others)
  A slave (D:6)
  An adder (D:5)
  A giant cockroach (D:5)
  A giant newt (D:5)
  A fungus (Lair:2)
  6 plants (D:9)
11 creatures vanquished.

Grand Total: 280 creatures vanquished

Notes
Turn   | Place    | Note
--------------------------------------------------------------
     0 | D:1      | pk666 the Minotaur Berserker began the quest for the Orb.
     0 | D:1      | Reached XP level 1. HP: 19/19 MP: 0/0
   118 | D:1      | Reached XP level 2. HP: 24/27 MP: 1/1
   177 | D:1      | Reached ** piety under Trog
   245 | D:1      | Reached XP level 3. HP: 33/33 MP: 2/2
   664 | D:2      | Found an iron altar of Okawaru.
   703 | D:2      | Found a burning altar of Makhleb.
   707 | D:2      | Reached XP level 4. HP: 35/40 MP: 3/3
   824 | D:2      | Noticed Crazy Yiuf
   832 | D:2      | Killed Crazy Yiuf
  1228 | D:2      | Found a stormy altar of Qazlal.
  1449 | D:3      | Reached XP level 5. HP: 36/47 MP: 4/4
  1478 | D:3      | Found an ancient bone altar of Kikubaaqudgha.
  1674 | D:3      | Reached *** piety under Trog
  1741 | D:3      | Reached skill level 5 in Fighting
  1900 | D:3      | Reached skill level 5 in Axes
  2163 | D:4      | Reached XP level 6. HP: 56/56 MP: 5/5
  2237 | D:4      | Found a blossoming altar of Fedhas.
  2417 | D:4      | Noticed an ice beast
  2427 | D:4      | Killed an ice beast
  2427 | D:4      | Reached skill level 5 in Armour
  2788 | D:4      | Found a staircase to the Ecumenical Temple.
  2833 | D:4      | Found an opulent altar of Gozag.
  3023 | D:5      | Entered Level 5 of the Dungeon
  3025 | D:5      | Reached XP level 7. HP: 61/61 MP: 6/6
  3123 | D:5      | Reached **** piety under Trog
  3130 | D:5      | Reached skill level 5 in Dodging
  3185 | D:5      | Found a shimmering altar of Xom.
  3281 | D:5      | Reached XP level 8. HP: 67/71 MP: 7/7
  4082 | D:6      | Found a white marble altar of Elyvilon.
  4239 | D:6      | Found a deep blue altar of Sif Muna.
  4315 | D:6      | Reached ***** piety under Trog
  4418 | D:6      | Noticed Pikel
  4419 | D:6      | Noticed Edmund
  4425 | D:6      | Killed Pikel
  4425 | D:6      | Reached XP level 9. HP: 81/81 MP: 8/8
  4432 | D:6      | Killed Edmund
  4597 | D:7      | Found an oddly glowing altar of Pakellas.
  4657 | D:7      | Found a shadowy altar of Dithmenos.
  4745 | D:7      | Found a glowing silver altar of Zin.
  4959 | D:7      | Found a basalt altar of Yredelemnul.
  5044 | D:7      | Found a snail-covered altar of Cheibriados.
  5182 | D:8      | Noticed Erolcha
  5185 | D:8      | Killed Erolcha
  5417 | D:8      | Reached XP level 10. HP: 91/91 MP: 9/9
  5453 | D:8      | Found a glowing golden altar of the Shining One.
  5638 | D:8      | Noticed Prince Ribbit
  5977 | D:9      | Reached skill level 10 in Axes
  5992 | D:9      | Reached skill level 10 in Fighting
  5992 | D:9      | Reached skill level 10 in Armour
  6368 | D:9      | Found a staircase to the Lair.
  6414 | D:9      | Found a radiant altar of Vehumet.
  7114 | D:9      | Found a sacrificial altar of Ru.
  7196 | Lair:1   | Entered Level 1 of the Lair of Beasts
  7466 | Lair:1   | Received a gift from Trog
  7494 | Lair:1   | Noticed a spiny frog
  7505 | Lair:1   | Killed a spiny frog
  7604 | Lair:1   | Reached XP level 11. HP: 83/101 MP: 10/10
  7902 | Lair:2   | Noticed an eight-headed hydra
  8048 | Lair:2   | Noticed a five-headed hydra
  8056 | Lair:2   | Killed a nine-headed hydra
  8062 | Lair:2   | HP: 6/153 [ten-headed hydra (9)]
  8463 | Lair:2   | Noticed Zebura's ghost (journeyman VSAs)
  8476 | Lair:2   | Killed Zebura's ghost
  8476 | Lair:2   | Reached skill level 10 in Dodging
  9160 | Lair:2   | Killed an 11-headed hydra
  9569 | Lair:3   | Noticed Rupert
  9575 | Lair:3   | Found a labyrinth entrance.
  9583 | Lab      | Entered a labyrinth
 10212 | Lab      | Noticed a minotaur
 10222 | Lab      | Killed a minotaur
 10232 | Lab      | Got a coiled amber ring
 10232 | Lab      | Identified the Handbook of Execration
 10232 | Lab      | Identified San Ino's Handbook of Flamy Benedictions
 10233 | Lab      | Got a faintly glowing glaive
 10233 | Lab      | Got a pitted greatsling
 10233 | Lab      | Got a jewelled ring mail
 10240 | Lair:3   | Mangled by Rupert

Vault maps used:
D:1:      evilmike_arrival_crescent
D:2:      okawaru_gym_becter, nicolae_qazlal_general_emergency,
          corexii_corridor_pit, makhleb_blood_cavern_becter,
          uniq_crazy_yiuf_cottage
D:3:      lemuel_zombie_altar_kikubaaqudgha
D:4:      lemuel_doored_altar, old_standard_altar,
          minmay_temple_entry_butterflies, first_bread
D:5:      xom_confusion_cloud
D:6:      elyvilon_altar_5, lemuel_blue_sif_altar, grunt_ministairs_9,
          kennysheep_nub, minmay_misc_feat_roman, uniq_pikel, uniq_edmund
D:7:      grunt_pakellas_salt, slow_altar_1, zin_statuary, kennysheep_mini,
          kennysheep_little_box, grunt_ogre_cave
D:8:      nicolae_tso_carved_into_rock, uniq_erolcha, uniq_prince_ribbit1
D:9:      nicolae_overflow_hidden_temple, nicolae_overflow_crystal_walls,
          david_lair_shrubbed
Lair:2:   st_stairs_11, serial_bayou_pond_c, beast_lair_carwin_2,
          infiniplex_staircase_pool_2
Lair:3:   minmay_swamp_entry_wisps, spider_nest_entry_rubble, lab_entry_generic,
          cheibrodos_lair_caveside_slide, grunt_megastairs_2,
          serial_bayou_shore_b, infiniplex_staircase_pool, uniq_rupert,
          uniq_snorg
Lab:      labyrinth_mini_lab, nicolae_lab_quarters, nicolae_lab_starburst,
          nicolae_lab_grate, labyrinth_lava_lair, lab_statue, nicolae_lab_swirl,
          nicolae_lab_garden, nicolae_lab_big_swirl

Skill      XL: |  1  2  3  4  5  6  7  8  9 10 11 |
---------------+----------------------------------+-----
Armour         | 3 4 5 6 7 9 10 11 | 11.6
Axes           | 4 5 6 7 9 10 11 | 11.6
Fighting       | 4 5 6 7 9 10 11 | 11.7
Dodging        | 3 4 5 6 8 9 10 | 10.7

Action                   |  1- 3 |  4- 6 |  7- 9 | 10-12 || total
-------------------------+-------+-------+-------+-------++-------
Melee: Hand axe          |    58 |   142 |       |       ||   200
       Headbutt          |     6 |    26 |    46 |    54 ||   132
       War axe           |       |    13 |   257 |   216 ||   486
       Broad axe         |       |       |       |   110 ||   110
Invok: Berserk           |       |     1 |     3 |     5 ||     9
       Burn Spellbooks   |       |       |     3 |     1 ||     4
       Trog's Hand       |       |       |       |     1 ||     1
Evoke: Wand              |       |       |       |     4 ||     4
  Use: Scroll            |       |       |       |    14 ||    14
  Eat: Chunk             |       |     8 |    11 |    20 ||    39
       Fruit             |       |       |       |     1 ||     1
Armor: Ring mail         |    22 |    45 |       |       ||    67
       Chain mail        |       |    40 |   159 |   184 ||   383
Dodge: Dodged            |    25 |    73 |   142 |   240 ||   480
